 Dungeon Sprint DCSS version 0.16-a0-3803-gd4b2de5 (webtiles) character file.

438 PolkaDot the Martial Artist (level 6, -1/61 HPs)
             Began as a Draconian Monk on Jan 26, 2015.
             Was a Follower of Ru.
             Slain by a draconian
             ... wielding a +0 trident
              (12 damage)
             ... in the Dungeon (Sprint V: "Ziggurat Sprint").
             The game lasted 00:04:44 (389 turns).

PolkaDot the Martial Artist (Draconian Monk)         Turns: 389, Time: 00:04:45

Health: -1/61      AC:  6    Str: 25    XL:     6   Next: 69%
Magic:  6/6        EV: 17    Int: 10    God:    Ru [*.....]
Gold:   0          SH:  0    Dex: 19    Spells: 0 memorised, 5 levels left

rFire  . . .     SeeInvis .       - Unarmed
rCold  . . .     Clarity  .     (armour unavailable)
rNeg   . . .     SustAb   .     (no shield)
rPois  .         Gourm    .     (helmet restricted)
rElec  .         Spirit   .     (no cloak)
rCorr  .         Warding  .     (no gloves)
rMut   .         NoTele   +     (no boots)
MR     .....                    (no amulet)
Stlth  ++........               C - +6 ring of strength
                                B - +6 ring of dexterity

@: mighty, very slightly contaminated, invisible (expiring), not resistant to
hostile enchantments, unstealthy
A: unfitting armour, clumsy 1, screaming 1, cold-blooded, AC +6
a: Renounce Religion


You were in the Dungeon.
You worshipped Ru.
Ru was aware of your devotion.
You were not hungry.

You visited 1 branch

Inventory:

Jewellery
 l - an uncursed ring of ice
 B - a +6 ring of dexterity (left hand)
 C - a +6 ring of strength (right hand)
Magical devices
 x - a wand of disintegration (7)
 y - a wand of fire (5)
 z - a wand of cold (5)
 A - a wand of draining (5)
Scrolls
 h - 4 scrolls of blinking
 o - 4 scrolls of amnesia
 p - 3 scrolls of recharging
 q - 7 scrolls of fog
 r - a scroll of holy word
 s - 5 scrolls of identify
 t - 5 scrolls of remove curse
 u - 2 scrolls of fear
Potions
 a - 2 potions of brilliance
 c - 9 potions of curing
 d - 5 potions of heal wounds
 e - 6 potions of haste
 f - 7 potions of magic
 g - 2 potions of berserk rage
 i - a potion of invisibility
 j - 2 potions of restore abilities
 k - 4 potions of resistance
 m - 4 potions of agility
 n - 4 potions of might
Comestibles
 b - 5 bread rations
 v - 42 fruits
 w - 4 meat rations
 D - 8 chunks of flesh


   Skills:
 + Level 7.8 Fighting
 + Level 6.3 Dodging
 - Level 1.7 Stealth
 * Level 12.1 Unarmed Combat


You had 5 spell levels left.
You didn't know any spells.

Dungeon Overview and Level Annotations

Branches:
Dungeon (1/1)

Altars:
Ashenzari
Cheibriados
Dithmenos
Elyvilon
Fedhas
Gozag
Kikubaaqudgha
Makhleb
Nemelex Xobeh
Okawaru
Qazlal
Ru
Sif Muna
Trog
Vehumet
Xom
Yredelemnul
Zin
The Shining One
Beogh
Jiyva
Lugonu


Innate Abilities, Weirdness & Mutations

Your plain brown scales are hard (AC +6).
Your body does not fit into most forms of armour.
You are clumsy. (Dex -2)
You occasionally shout uncontrollably at your foes.
Your cold-blooded metabolism reacts poorly to cold.


Message History

Your experience leads to an increase in your attributes!
Your base attributes are Str 14, Int 10, Dex 12.
Increase (S)trength, (I)ntelligence, or (D)exterity?
You feel agile.
Your scales feel tougher.
The draconian barely misses you. The draconian hits you with a trident.
* * * LOW HITPOINT WARNING * * *
You barely miss the draconian.
You tail-slap the draconian, but do no damage.
You punch the draconian, but do no damage.
The draconian is almost dead.
The draconian closely misses you. The draconian misses you.
You closely miss the draconian. You tail-slap the draconian.
The draconian is moderately wounded.
The draconian hits you!
* * * LOW HITPOINT WARNING * * *
You barely miss the draconian.
The draconian is moderately wounded.
You flicker for a moment.
The draconian misses you. The draconian hits you with a trident!
You die...

▓.....▓.....▓▓▓▓▓▓▓
▓▓▓▓▓▓▓▓▓▓▓▓▓▓▓▓▓▓
▓..8©8...▓..8©8...▓
▓..[:)...▓..))[...▓
▓...))...▓..|.:...▓
▓...)....▓........▓
▓........▓.dd.....▓
▓.▓....▓.▓.▓.d..▓.▓
▓........▓..)@d...▓
▓▓▓▓▓▓▓▓▓▓▓▓▓▓▓▓▓▓▓


You could see 4 draconians.

Vanquished Creatures
  A draconian (D)
  A water moccasin (D)
  An iguana (D)
  2 orc wizards (D)
  2 adders (D)
  2 river rats (D)
  2 oozes (D)
  2 orcs (D)
  A ball python (D)
14 creatures vanquished.

Notes
Turn   | Place    | Note
--------------------------------------------------------------
     0 | D        | PolkaDot, the Draconian Monk, began the quest for the Orb.
     0 | D        | Reached XP level 1. HP: 19/19 MP: 1/1
     0 | D        | Found a viscous altar of Jiyva.
     0 | D        | Found a corrupted altar of Lugonu.
     0 | D        | Found a white marble altar of Elyvilon.
     1 | D        | Found a burning altar of Makhleb.
     1 | D        | Found an iron altar of Okawaru.
     3 | D        | Found a sparkling altar of Nemelex Xobeh.
     3 | D        | Found a basalt altar of Yredelemnul.
     3 | D        | Found a deep blue altar of Sif Muna.
     3 | D        | Found a radiant altar of Vehumet.
    11 | D        | Found a bloodstained altar of Trog.
    28 | D        | Found a shimmering altar of Xom.
    36 | D        | Became a worshipper of Ru the Awakened
    44 | D        | Gained mutation: You occasionally shout uncontrollably at your foes. [Ru sacrifice]
    47 | D        | Reached skill level 8 in Unarmed Combat
    47 | D        | Reached XP level 2. HP: 26/26 MP: 2/2
    48 | D        | Entered arena 1.
    58 | D        | Entered arena 2.
    58 | D        | Noticed an iguana
    66 | D        | Reached XP level 3. HP: 8/33 MP: 3/3
    69 | D        | Killed an iguana
    69 | D        | Reached skill level 9 in Unarmed Combat
   318 | D        | Entered arena 3.
   318 | D        | Noticed a water moccasin
   329 | D        | Killed a water moccasin
   329 | D        | Reached skill level 5 in Fighting
   329 | D        | Reached skill level 10 in Unarmed Combat
   329 | D        | Reached XP level 4. HP: 23/44 MP: 4/4
   329 | D        | Reached XP level 5. HP: 26/50 MP: 5/5
   340 | D        | Entered arena 4.
   340 | D        | Noticed an orc wizard
   340 | D        | Noticed an orc wizard
   346 | D        | Killed an orc wizard
   346 | D        | Reached skill level 5 in Dodging
   347 | D        | Killed an orc wizard
   347 | D        | Reached skill level 11 in Unarmed Combat
   364 | D        | Entered arena 5.
   364 | D        | Noticed a draconian
   364 | D        | Noticed a draconian
   364 | D        | Noticed a draconian
   364 | D        | Noticed a draconian
   364 | D        | Noticed a draconian
   370 | D        | Gained mutation: You are clumsy. (Dex -2) [Ru sacrifice]
   370 | D        | Acquired Ru's first power
   386 | D        | Killed a draconian
   386 | D        | Reached skill level 12 in Unarmed Combat
   386 | D        | Reached XP level 6. HP: 23/61 MP: 6/6
   389 | D        | Slain by a draconian

Action                   |  1- 3 |  4- 6 || total
-------------------------+-------+-------++-------
Melee: Unarmed           |    19 |    26 ||    45
Invok: Sacrifice Purity  |     1 |     1 ||     2
  Use: Potion            |     5 |     6 ||    11
 Stab: Invisible         |       |     6 ||     6
